 Dungeon Crawl Stone Soup version 0.28.0 (webtiles) character file.

Game seed: 7504822700056467425

3299 RepoMan the Transmogrifier (level 9, -3/73 HPs)
             Began as a Palentonga Transmuter on Feb 13, 2022.
             Was a Follower of Qazlal.
             Slain by a two-headed ogre (20 damage)
             ... on level 7 of the Dungeon.
             The game lasted 00:59:26 (6640 turns).

RepoMan the Transmogrifier (Palentonga Transmuter)  Turns: 6640, Time: 00:59:26

Health: -3/73      AC:  2    Str: 14    XL:     9   Next: 70%
Magic:  0/12       EV: 19    Int: 14    God:    Qazlal [*.....]
Gold:   130        SH:  1    Dex: 19    Spells: 0/12 levels left

rFire   . . .      SeeInvis +     - Unarmed
rCold   . . .      Faith    .   (shield currently unavailable)
rNeg    . . .      Spirit   +   (armour currently unavailable)
rPois   .          Reflect  .   (helmet currently unavailable)
rElec   .          Harm     .   (cloak currently unavailable)
rCorr   .          Rampage  .   (gloves currently unavailable)
Will    .....                   (no barding)
Stlth   ++........              m - amulet of guardian spirit
HPRegen 0.22/turn               s - ring of poison resistance
MPRegen 0.13/turn               (no ring)

@: spider-form, very slightly contaminated
A: venomous fangs, tiny, rugged brown scales 3, see invisible, (deformed body),
(roll 1), (armoured tail), (reflexive curl)
a: End Transformation, Renounce Religion


You were on level 7 of the Dungeon.
You worshipped Qazlal.
Qazlal was aware of your devotion.
You were a venomous arachnid creature.
You visited 2 branches of the dungeon, and saw 8 of its levels.

You collected 130 gold pieces.

Inventory:

Hand Weapons
 b - a +0 hunting sling
 o - the +8 trident of the Octopus King (melded) {venom, rElec rPois}
   (You found it on level 5 of the Dungeon)

   It poisons the flesh of those it strikes.
   rElec:     It insulates you from electricity.
   rPois:     It protects you from poison.
Missiles
 c - 43 sling bullets
 g - a poisoned dart (quivered)
 i - 3 boomerangs
Armour
 a - a +0 robe (melded)
 r - a +0 helmet (melded)
Jewellery
 e - an amulet of the acrobat
 h - a ring of ice
 m - an amulet of guardian spirit (around neck)
 s - a ring of poison resistance (left front leg)
Scrolls
 j - 2 scrolls of enchant weapon
 n - a scroll of immolation {unknown}
 p - a scroll of amnesia
 q - a scroll of torment {unknown}
 u - a scroll of magic mapping
Potions
 d - 2 potions of curing
 f - 2 potions of heal wounds
 k - a potion of lignification {unknown}
 l - 2 potions of haste {unknown}
 t - a potion of cancellation {unknown}


   Skills:
 - Level 6.2 Fighting
 - Level 1.5 Dodging
 + Level 8.6 Unarmed Combat
 - Level 2.0 Spellcasting
 + Level 2.5 Translocations
 * Level 9.1 Transmutations


You couldn't memorise any spells.
You knew the following spells:

 Your Spells              Type           Power      Damage    Failure   Level
a - Beastly Appendage     Tmut           54%        N/A       3%          1
b - Blink                 Tloc           16%        N/A       30%         2
c - Ice Form              Ice/Tmut       14%        N/A       58%         4
s - Spider Form           Tmut/Pois      14%        N/A       26%         3
w - Wereblood             Tmut           27%        N/A       4%          2

Your spell library contained the following spells:

 Spells                   Type           Power      Damage    Failure   Level
 Lesser Beckoning         Tloc           8%         N/A       47%         3
 Ozocubu's Armour         Ice            1%         N/A       77%         3
 Manifold Assault         Tloc           8%         N/A       98%         5
 Summon Forest            Summ/Tloc      2%         N/A       99%         5
 Summon Mana Viper        Hex/Summ       1%         N/A       100%        5
 Summon Cactus Giant      Summ           0%         N/A       100%        6
 Ozocubu's Refrigeration  Ice            0%         4d5       100%        7


Dungeon Overview and Level Annotations

Branches:
Dungeon (7/15)             Temple (1/1) D:5

Altars:
Hepliaklqana
Kikubaaqudgha
Makhleb
Nemelex Xobeh
Qazlal
Ru
Uskayaw
Wu Jian
Zin

Annotations:
D:3 exclusion: door, Sigmund
D:5 2 transporters, exclusion: downstairs, Zeus21348's ghost, novice HOMo
D:6 exclusion: water moccasin, Grinder


Innate Abilities, Weirdness & Mutations

You are a venomous arachnid creature.
You have poisonous fangs.
You are tiny and dextrous.
Your spellcasting is less reliable in this form.
Your armour is entirely melded.
You are incapable of wielding weapons or throwing items.
(You are completely covered in rugged brown scales. (AC +3, +7% HP))
You have supernaturally acute eyesight. (SInv)
((Armour fits poorly on your strangely shaped body.))
((You can roll at nearby foes to attack.))
((You have a long armoured tail.))
((You curl defensively after being hit. (AC +7*)))


Message History

You throw a poisoned dart.
The poisoned dart barely misses the two-headed ogre.
Throw: 2 darts (poison)
Press: ? - help, Q - select action, (/) - cycle Shift-Dir - straight line, f/p - two-headed ogre
Aim: a two-headed ogre, wielding two +0 giant clubs (76% to hit)
You throw a poisoned dart.
The poisoned dart hits the two-headed ogre.
The two-headed ogre is poisoned.
Casting: Spider Form (dangerous; 11% risk of failure)
Confirm with . or Enter, or press ? or * to list all spells.
You turn into a venomous arachnid creature.
The +8 trident of the Octopus King {venom, rElec rPois} melds into your body.
Your +0 helmet melds into your body.
Your +0 robe melds into your body.
The +8 trident of the Octopus King {venom, rElec rPois} stops dripping with poison.
The two-headed ogre closely misses you.
The two-headed ogre completely misses you.
You bite the two-headed ogre!
The two-headed ogre looks as sick as possible!
The two-headed ogre is moderately wounded.
You bite the two-headed ogre!
The two-headed ogre looks as sick as possible!
The two-headed ogre is heavily wounded.
The two-headed ogre hits you with a +0 giant club!!
The two-headed ogre closely misses you.
You hit the two-headed ogre but do no damage.
The two-headed ogre looks as sick as possible!
The two-headed ogre is heavily wounded.
The two-headed ogre hits you with a +0 giant club!! x2
* * * LOW HITPOINT WARNING * * *
Unknown command.
You feel much better.
Casting: Spider Form (dangerous; 26% risk of failure)
Confirm with . or Enter, or press ? or * to list all spells.
You miscast Blink.
You are very lightly contaminated with residual magic.
Nothing appears to happen.
The two-headed ogre hits you with a +0 giant club!
* * * LOW HITPOINT WARNING * * *
The two-headed ogre hits you with a +0 giant club!!
You die...

♣♣... ♣♣.... .(...≈ #.#
(..P #.# ((. #.# ###
#♣.♣##### #.#
♣...♣...♣...♣♣#.##
♣...#...♣Os♣#..#
♣♣♣#.#♣♣♣♣♣.#..#
♣...#...♣..♣#..# ###
♣...♣[..♣...♣♣#..##
..########.########...#
#........[.)........#.#
#.################(.#.#
....##...#..........#.#
....##...#.##########.#


You could see a two-headed ogre (extremely poisoned).

Vanquished Creatures
  A two-headed ogre (D:6)
  A cyclops (D:7)
  A yak (D:5)
  2 orc warriors
  A sky beast (D:6)
  A hornet zombie (D:7)
  A black bear (D:4)
  A necrophage (D:7)
  An ice beast (D:5)
  2 centaurs
  3 ogres
  A kobold brigand (D:6)
  An elf zombie (D:5)
  A bullfrog (D:6)
  2 elf skeletons (D:5)
  A scorpion (D:4)
  2 wights
  A howler monkey (D:7)
  5 jellies
  An orc priest (D:4)
  A bullfrog skeleton (D:4)
  3 human zombies (D:5)
  2 hounds
  A centaur skeleton (D:4)
  3 human skeletons (D:5)
  A scorpion zombie (D:5)
  A hound skeleton (D:4)
  11 adders
  2 ufetubi
  An adder skeleton (D:3)
  A worm (D:2)
  A dart slug (D:2)
  6 orcs
  6 ball pythons
  3 endoplasms
  A giant cockroach (D:4)
  6 goblins
  6 hobgoblins
  10 jackals
  A quokka (D:4)
  4 bats
  2 frilled lizards
  3 kobolds
  An orc skeleton (D:5)
  An orc zombie (D:5)
  A rat (D:2)
109 creatures vanquished.

Vanquished Creatures (others)
  13 plants
13 creatures vanquished.

Grand Total: 122 creatures vanquished

Notes
Turn   | Place    | Note
-------+----------+-------------------------------------------
     0 | D:1      | RepoMan the Palentonga Transmuter began the quest for the
                  | Orb.
     0 | D:1      | Reached XP level 1. HP: 16/16 MP: 3/3
   326 | D:1      | Reached XP level 2. HP: 18/22 MP: 3/5
   329 | D:1      | Learned a level 2 spell: Wereblood
   855 | D:2      | Found a hide-covered altar of Uskayaw.
   929 | D:2      | Reached XP level 3. HP: 18/27 MP: 4/6
  1611 | D:2      | Found a faded altar of an unknown god.
  1992 | D:3      | Reached XP level 4. HP: 35/35 MP: 5/7
  2022 | D:3      | Noticed Sigmund
  2064 | D:4      | Noticed a black bear
  2071 | D:5      | Entered Level 5 of the Dungeon
  2122 | D:5      | Found a sparkling altar of Nemelex Xobeh.
  2277 | D:5      | Reached skill level 3 in Transmutations
  2371 | D:5      | Reached XP level 5. HP: 40/41 MP: 6/8
  2550 | D:5      | Reached skill level 5 in Unarmed Combat
  2550 | D:5      | Reached XP level 6. HP: 23/50 MP: 9/9
  2804 | D:5      | Found a sand-covered staircase.
  3011 | D:5      | Learned a level 3 spell: Spider Form
  3136 | D:5      | Noticed an ice beast
  3187 | D:4      | Reached skill level 4 in Transmutations
  3409 | D:4      | Gained mutation: You curl defensively after being hit. (AC
                  | +7*) [Palentonga growth]
  3409 | D:4      | Reached XP level 7. HP: 40/55 MP: 8/10
  3793 | D:4      | Found an ancient bone altar of Kikubaaqudgha.
  3793 | D:4      | Found a stormy altar of Qazlal.
  3793 | D:4      | Found a sacrificial altar of Ru.
  3800 | D:4      | Became a worshipper of Qazlal Stormbringer
  4159 | D:5      | Identified the +10 trident "Latzunih" {vamp, Str+8}
  4159 | D:5      | Identified the +4 scale mail "Riasoil" {rF+ Dex+4}
  4175 | D:5      | Found a transporter.
  4179 | D:5      | Found a transporter.
  4190 | D:5      | Found the +8 trident of the Octopus King {venom, rElec
                  | rPois}
  4238 | D:5      | Reached skill level 5 in Transmutations
  4352 | D:5      | Found a staircase to the Ecumenical Temple.
  4362 | Temple   | Entered the Ecumenical Temple
  4690 | D:5      | Noticed Zeus21348's ghost (novice HOMo)
  4760 | D:5      | Reached XP level 8. HP: 63/65 MP: 9/11
  4942 | D:6      | Noticed a two-headed ogre
  4971 | D:6      | Reached skill level 6 in Transmutations
  5031 | D:6      | Reached skill level 5 in Fighting
  5334 | D:6      | Killed a two-headed ogre
  5335 | D:6      | Reached skill level 7 in Transmutations
  5553 | D:6      | Reached XP level 9. HP: 56/73 MP: 10/12
  5884 | D:6      | Reached skill level 8 in Transmutations
  5905 | D:6      | Noticed Grinder
  5933 | D:7      | Reached * piety under Qazlal
  5991 | D:7      | Learned a level 2 spell: Blink
  6113 | D:6      | Reached skill level 1 in Translocations
  6345 | D:7      | Learned a level 4 spell: Ice Form
  6504 | D:7      | Noticed a cyclops
  6525 | D:7      | Killed a cyclops
  6541 | D:7      | Reached skill level 9 in Transmutations
  6625 | D:7      | Noticed a two-headed ogre
  6640 | D:7      | Slain by a two-headed ogre

Illustrated notes

Levels and vault maps discovered:
D:1:      zaba_arrival_water, layout_loops_ring
D:2:      layout_loops_ring, shapermc_ecumenical_altar_hornbeckon, basic_altar
D:3:      layout_basic, gammafunk_temple_overflow_elements, grunt_ministairs_1,
          uniq_sigmund
D:4:      layout_loops_ring, gammafunk_temple_overflow_claw
D:5:      layout_loops_ring, nicolae_overflow_crystal_walls,
          minmay_temple_entry_water_ring, gammafunk_ghost_gnarly_gnolls,
          nicolae_ossuary_entry_catacombs, hangedman_decor_riveting
D:6:      cheibrodos_helix_gallery, layout_cave_pools,
          mainiacjoe_overflow_paths, nicolae_ashenzari_skybound,
          uniq_crazy_yiuf_cottage, uniq_grinder
D:7:      nzn_winding_woodlands_three_and_one
          [nzn_winding_woodlands_5x15_concentric,
          nzn_winding_woodlands_5x15_garden, nzn_winding_woodlands_5x15_twine,
          nzn_winding_woodlands_center_triple_pond], layout_basic,
          gammafunk_ghost_nasty_kobolds, uniq_duvessa
Temple:   zaba_magenta_temple

Skill      XL: |  1  2  3  4  5  6  7  8  9 |
---------------+----------------------------+-----
Fighting       | 2 3 4 5 6 |  6.2
Unarmed Combat | 4 5 6 7 8 |  8.6
Transmutations | 3 4 5 7 9 |  9.1
Translocations | 2 |  2.5
Dodging        | |  1.5
Spellcasting   | |  2.0

Action                   |  1- 3 |  4- 6 |  7- 9 || total
-------------------------+-------+-------+-------++-------
Melee: Unarmed           |    77 |   109 |   123 ||   309
       Tailslap          |     5 |    17 |    16 ||    38
       Headbutt          |     5 |    25 |    17 ||    47
       Kick              |    13 |    35 |    26 ||    74
       Punch             |     2 |     5 |     6 ||    13
       Trident           |       |       |    48 ||    48
 Fire: Hunting sling     |    43 |     4 |    39 ||    86
Throw: Dart              |     1 |       |    21 ||    22
       Boomerang         |       |       |    16 ||    16
 Cast: Beastly Appendage |    20 |    18 |    20 ||    58
       Wereblood         |       |       |     1 ||     1
       Spider Form       |       |       |     7 ||     7
       Blink             |       |       |     1 ||     1
 Abil: Rolling Charge    |       |       |     3 ||     3
Evoke: Wand              |       |       |     1 ||     1
  Use: Scroll            |       |     6 |     1 ||     7
       Potion            |       |     3 |     1 ||     4
 Stab: Distracted        |       |     1 |       ||     1
Armor: Robe              |    31 |    21 |    58 ||   110
Dodge: Dodged            |    35 |    33 |   105 ||   173
Block: Other             |       |       |     2 ||     2
